| TOP OF THE 1ST |
|
Magic Valley Magicians batting - Pitching for Ogden Spikes : RHP Timothy Steverson
|
|
Pitching: RHP Timothy Steverson
|
|
|
Batting: RHB Kevin Ward
|
0-0: DOUBLE (Flyball, 8LXD, EV 96.3 MPH)
|
|
Batting: RHB Matt Cimo
|
0-0: Ball 1-0: Ball 2-0: Ball Wild Pitch! Kevin Ward to third 3-0: Base on Balls
|
|
Batting: RHB Terry Steinbach
|
0-0: Ball Matt Cimo steals 2nd base 1-0: Foul Ball, location: 2F 1-1: Ball 2-1: Ball 3-1: Base on Balls
|
|
Batting: RHB Jason Felice
|
0-0: Ball 1-0: Ball 2-0: Called Strike 2-1: Ball 3-1: Foul Ball, location: 2F 3-2: Base on Balls Kevin Ward scores Matt Cimo to third Terry Steinbach to second
|
|
Batting: RHB Michael Smith
|
0-0: Ball 1-0: Called Strike 1-1: Grounds into double play, 6-4-3 (Groundball, 6, EV 85.0 MPH) Matt Cimo scores Terry Steinbach to third
|
|
Batting: RHB Fred Bogart
|
0-0: Ground out 6-3 (Groundball, 6, EV 100.6 MPH)
|
| Top of the 1st over - 2 runs, 1 hit, 0 errors, 1 left on base; Magic Valley 2 - Ogden 0 |
| BOTTOM OF THE 1ST |
|
Ogden Spikes batting - Pitching for Magic Valley Magicians : RHP Brent Wittmayer
|
|
Pitching: RHP Brent Wittmayer
|
|
|
Batting: RHB Ken Jackson
|
0-0: Foul Ball, location: 2F 0-1: Ball 1-1: SINGLE (Groundball, 56S, EV 70.6 MPH) (infield hit)
|
|
Batting: LHB Lenny Harris
|
0-0: Swinging Strike Ken Jackson steals 2nd base 0-1: Ball 1-1: Swinging Strike 1-2: Ball 2-2: Foul Ball, location: 2F 2-2: Fly out, F9 (Line Drive, 9D, EV 93.8 MPH) Runner from 2nd tags up, SAFE at 3rd, no throw by RF
|
|
Batting: LHB Everett Graham
|
0-0: Ground out U3 (Groundball, 3L, EV 85.6 MPH)
|
|
Batting: RHB Chuck Lynn
|
0-0: Swinging Strike 0-1: Called Strike 0-2: SINGLE (Groundball, 5L, EV 88.8 MPH) (infield hit) Ken Jackson scores
|
|
Batting: LHB Marvin Parker
|
0-0: Ball 1-0: Swinging Strike 1-1: Ground out 5-3 (Groundball, 15, EV 85.6 MPH)
|
| Bottom of the 1st over - 1 run, 2 hits, 0 errors, 1 left on base; Magic Valley 2 - Ogden 1 |
| TOP OF THE 2ND |
|
Magic Valley Magicians batting - Pitching for Ogden Spikes : RHP Timothy Steverson
|
|
Batting: RHB Scott Skripko
|
0-0: Called Strike 0-1: Ball 1-1: SOLO HOME RUN (Flyball, 89XD, EV 95.6 MPH), Distance : 404 ft
|
|
Batting: RHB Bill Boddy
|
0-0: Ball 1-0: Bunted foul 1-1: SINGLE (Groundball, 56D, EV 110.0 MPH)
|
|
Batting: RHB Andres Amoros
|
0-0: Ball 1-0: Ball 2-0: Foul Ball, location: 2F 2-1: SINGLE (Groundball, 6S, EV 65.0 MPH) (infield hit) Bill Boddy to second
|
|
Batting: RHB Kevin Ward
|
0-0: Foul Ball, location: 2F 0-1: Ball Passed Ball! Bill Boddy to third Andres Amoros to second 1-1: SINGLE (Line Drive, 34D, EV 105.0 MPH) Bill Boddy scores Andres Amoros to third
|
|
Batting: RHB Matt Cimo
|
0-0: Called Strike 0-1: Called Strike 0-2: SINGLE (Line Drive, 6D, EV 100.0 MPH) Andres Amoros scores Kevin Ward to second Runner from 2nd tries for 3rd, SAFE, throw by LF made to third
|
|
Batting: RHB Terry Steinbach
|
0-0: Ball 1-0: Ball 2-0: Swinging Strike 2-1: Ball 3-1: Base on Balls Matt Cimo to second
|
|
Batting: RHB Jason Felice
|
0-0: GRAND SLAM HOME RUN (Flyball, 9LD, EV 101.3 MPH), Distance : 349 ft
|
|
Pitching: LHP Jose Davila
|
|
|
Batting: RHB Michael Smith
|
0-0: Called Strike 0-1: Foul Ball, location: 2F 0-2: Ground out 4-3 (Groundball, 4, EV 81.9 MPH)
|
|
Batting: RHB Fred Bogart
|
0-0: Ball 1-0: Foul Ball, location: 2F 1-1: Called Strike 1-2: Ball 2-2: SINGLE (Groundball, 34D, EV 106.3 MPH)
|
|
Batting: RHB Scott Skripko
|
0-0: Foul Ball, location: 2F 0-1: Ball 1-1: Foul Ball, location: 2F 1-2: Reached on error, E1 (Line Drive, P, EV 66.9 MPH) Fred Bogart to second
|
|
Batting: RHB Bill Boddy
|
0-0: Ball 1-0: Grounds into double play, 4-6-3 (Groundball, 4M, EV 83.1 MPH)
|
| Top of the 2nd over - 7 runs, 7 hits, 1 error, 1 left on base; Magic Valley 9 - Ogden 1 |
| BOTTOM OF THE 2ND |
|
Ogden Spikes batting - Pitching for Magic Valley Magicians : RHP Brent Wittmayer
|
|
Batting: RHB Jeffrey Smith
|
0-0: Ball 1-0: Swinging Strike 1-1: Foul Ball, location: 2F 1-2: Foul Ball, location: 2F 1-2: Ball 2-2: Ball 3-2: Ground out 6-3 (Groundball, 6M, EV 97.5 MPH)
|
|
Batting: SHB Mark Lemke
|
0-0: Foul Ball, location: 2F 0-1: SINGLE (Line Drive, 89S, EV 96.3 MPH)
|
|
Batting: RHB Michael Gobbo
|
0-0: SINGLE (Groundball, P, EV 92.5 MPH) (infield hit) Mark Lemke to second
|
|
Batting: RHB Joey Mackay
|
0-0: Ball 1-0: Called Strike 1-1: Ball 2-1: Foul Ball, location: 2F 2-2: Foul Ball, location: 2F 2-2: Fly out, F8 (Line Drive, 8LM, EV 94.4 MPH)
|
|
Batting: RHB Ken Jackson
|
0-0: Ball Wild Pitch! Mark Lemke to third Michael Gobbo to second 1-0: Ball 2-0: SINGLE (Groundball, 4MD, EV 104.4 MPH) Mark Lemke scores Michael Gobbo to third Runner from 3rd tries for Home, SAFE, throw by CF to home
|
|
Batting: LHB Lenny Harris
|
0-0: Called Strike 0-1: SINGLE (Line Drive, 78M, EV 109.4 MPH) Ken Jackson to second
|
|
Batting: LHB Everett Graham
|
0-0: Called Strike 0-1: Ball 1-1: Foul Ball, location: 2F 1-2: Fly out, F8 (Flyball, 8LD, EV 97.5 MPH)
|
| Bottom of the 2nd over - 2 runs, 4 hits, 0 errors, 2 left on base; Magic Valley 9 - Ogden 3 |
| TOP OF THE 3RD |
|
Magic Valley Magicians batting - Pitching for Ogden Spikes : LHP Jose Davila
|
|
Batting: RHB Andres Amoros
|
0-0: Ball 1-0: SINGLE (Line Drive, 89S, EV 88.1 MPH)
|
|
Batting: RHB Kevin Ward
|
0-0: Ball Wild Pitch! Andres Amoros to second 1-0: SINGLE (Line Drive, 4D, EV 98.8 MPH) Andres Amoros to third Runner from 3rd tries for Home, SAFE, throw by CF to home
|
|
Batting: RHB Matt Cimo
|
0-0: Ball Wild Pitch! Kevin Ward to second 1-0: Called Strike 1-1: Called Strike 1-2: Foul Ball, location: 2F 1-2: Foul Ball, location: 2F 1-2: Ball 2-2: Ball 3-2: Base on Balls
|
|
Batting: RHB Terry Steinbach
|
0-0: Called Strike 0-1: Ball 1-1: Ball 2-1: Fly out, F8 (Flyball, 8RM, EV 86.3 MPH)
|
|
Batting: RHB Jason Felice
|
0-0: Ball 1-0: Ball 2-0: Called Strike 2-1: Fly out, F8 (Flyball, 89XD, EV 107.5 MPH) Runner from 2nd tags up, SAFE at 3rd, no throw by CF
|
|
Batting: RHB Michael Smith
|
0-0: Called Strike 0-1: Called Strike 0-2: SINGLE (Groundball, 34D, EV 101.9 MPH) Kevin Ward scores Matt Cimo to second
|
|
Batting: RHB Fred Bogart
|
0-0: Ball 1-0: Foul Ball, location: 2F 1-1: Ball 2-1: Ball 3-1: Called Strike 3-2: Foul Ball, location: 2F 3-2: DOUBLE (Line Drive, 5D, EV 100.0 MPH) Matt Cimo scores Michael Smith to third Michael Smith scores
|
|
Batting: RHB Scott Skripko
|
0-0: Ball 1-0: Ground out 6-3 (Groundball, 6, EV 83.8 MPH)
|
| Top of the 3rd over - 4 runs, 4 hits, 0 errors, 1 left on base; Magic Valley 13 - Ogden 3 |
| BOTTOM OF THE 3RD |
|
Ogden Spikes batting - Pitching for Magic Valley Magicians : RHP Brent Wittmayer
|
|
Batting: RHB Chuck Lynn
|
0-0: Ball 1-0: SINGLE (Line Drive, 7LS, EV 97.5 MPH)
|
|
Pitching: RHP Peter Beattie
|
|
|
Batting: LHB Marvin Parker
|
0-0: Ball 1-0: Fly out, F7 (Flyball, 78S, EV 88.1 MPH)
|
|
Batting: RHB Jeffrey Smith
|
0-0: Called Strike 0-1: Ball 1-1: Ball 2-1: Swinging Strike 2-2: Foul Ball, location: 2F 2-2: Ball 3-2: DOUBLE (Flyball, 8LXD, EV 96.9 MPH) Chuck Lynn to third Runner from 3rd tries for Home, SAFE, throw by CF to home
|
|
Batting: SHB Mark Lemke
|
Balk! Jeffrey Smith to third 0-0: Ball 1-0: Foul Ball, location: 2F 1-1: SINGLE (Groundball, 25, EV 76.9 MPH) (infield hit)
|
|
Batting: RHB Michael Gobbo
|
0-0: Ball Wild Pitch! Jeffrey Smith scores Mark Lemke to second 1-0: Swinging Strike 1-1: Foul Ball, location: 2F 1-2: Foul Ball, location: 2F 1-2: Ball 2-2: Ball 3-2: Fly out, F8 (Flyball, 8RD, EV 99.4 MPH)
|
|
Batting: RHB Joey Mackay
|
0-0: Ball 1-0: Ball 2-0: Ball 3-0: Base on Balls
|
|
Batting: RHB Ken Jackson
|
0-0: Called Strike 0-1: Ground out 1-3 (Groundball, 23, EV 66.9 MPH)
|
| Bottom of the 3rd over - 2 runs, 3 hits, 0 errors, 2 left on base; Magic Valley 13 - Ogden 5 |
| TOP OF THE 4TH |
|
Magic Valley Magicians batting - Pitching for Ogden Spikes : LHP Jose Davila
|
|
Batting: RHB Bill Boddy
|
0-0: Swinging Strike 0-1: Foul Ball, location: 2F 0-2: Ball 1-2: Ground out 4-3 (Groundball, 4, EV 78.8 MPH)
|
|
Batting: RHB Andres Amoros
|
0-0: Called Strike 0-1: Ball 1-1: Ball 2-1: Ball 3-1: Base on Balls
|
|
Batting: RHB Kevin Ward
|
0-0: Called Strike 0-1: SINGLE (Line Drive, 4MD, EV 105.0 MPH) Andres Amoros to second
|
|
Batting: RHB Matt Cimo
|
0-0: Ball 1-0: Called Strike 1-1: Ball 2-1: Fielders Choice at 2nd, 6-4 (Groundball, 6, EV 83.1 MPH) Andres Amoros to third
|
|
Pitching: RHP Mike Robinson
|
|
|
Batting: RHB Terry Steinbach
|
0-0: Ball 1-0: Foul Ball, location: 2F 1-1: Ball 2-1: Foul Ball, location: 2F 2-2: Foul Ball, location: 2F 2-2: Foul Ball, location: 2F 2-2: Fielders Choice at 2nd, 5-4 (Groundball, 56, EV 100.6 MPH)
|
| Top of the 4th over - 0 runs, 1 hit, 0 errors, 2 left on base; Magic Valley 13 - Ogden 5 |
| BOTTOM OF THE 4TH |
|
Ogden Spikes batting - Pitching for Magic Valley Magicians : RHP Peter Beattie
|
|
Batting: LHB Lenny Harris
|
0-0: Fly out, F8 (Flyball, 78S, EV 92.5 MPH)
|
|
Batting: LHB Everett Graham
|
0-0: Swinging Strike 0-1: Ball 1-1: Ball 2-1: Ball 3-1: Base on Balls
|
|
Batting: RHB Chuck Lynn
|
0-0: Called Strike 0-1: Called Strike 0-2: 2-RUN HOME RUN (Flyball, 7D, EV 108.8 MPH), Distance : 396 ft
|
|
Batting: LHB Marvin Parker
|
0-0: Ball 1-0: Ball 2-0: Ball 3-0: Called Strike 3-1: Base on Balls
|
|
Batting: RHB Jeffrey Smith
|
0-0: Ball 1-0: Called Strike 1-1: Called Strike 1-2: Fly out, F8 (Flyball, 8RM, EV 88.1 MPH)
|
|
Batting: SHB Mark Lemke
|
0-0: Swinging Strike 0-1: Ball 1-1: Ball 2-1: Ball 3-1: Called Strike 3-2: Base on Balls Marvin Parker to second
|
|
Batting: RHB Michael Gobbo
|
0-0: Ball 1-0: Ball 2-0: Ball 3-0: Called Strike 3-1: Foul Ball, location: 2F 3-2: Foul Ball, location: 2F 3-2: SINGLE (Line Drive, 78S, EV 101.9 MPH) Marvin Parker to third Mark Lemke to second Marvin Parker scores Mark Lemke to third
|
|
Batting: RHB Joey Mackay
|
0-0: Called Strike 0-1: Ball 1-1: Foul Ball, location: 2F 1-2: Ball 2-2: Ball 3-2: Foul Ball, location: 2F 3-2: Base on Balls Michael Gobbo to second
|
|
Pitching: RHP Bernardo Howard
|
|
|
Batting: RHB Ken Jackson
|
0-0: SINGLE (Line Drive, 7S, EV 85.6 MPH) Mark Lemke scores Michael Gobbo to third Joey Mackay to second Runner from 3rd tries for Home, SAFE, throw by LF to home
|
|
Batting: LHB Lenny Harris
|
0-0: Ball 1-0: Ball 2-0: Called Strike 2-1: Fielders Choice at 2nd, 6-4 (Groundball, 6MD, EV 85.6 MPH)
|
| Bottom of the 4th over - 5 runs, 3 hits, 0 errors, 2 left on base; Magic Valley 13 - Ogden 10 |
| TOP OF THE 5TH |
|
Magic Valley Magicians batting - Pitching for Ogden Spikes : RHP Mike Robinson
|
|
Batting: RHB Jason Felice
|
0-0: Called Strike 0-1: Ball 1-1: Swinging Strike 1-2: Foul Ball, location: 2F 1-2: Ball 2-2: Ball 3-2: Fly out, F8 (Flyball, 89M, EV 90.6 MPH)
|
|
Batting: RHB Michael Smith
|
0-0: Called Strike 0-1: Ground out U3 (Groundball, 34, EV 79.4 MPH)
|
|
Batting: RHB Fred Bogart
|
0-0: Foul Ball, location: 2F 0-1: Foul Ball, location: 2F 0-2: Foul Ball, location: 2F 0-2: Ball 1-2: Foul Ball, location: 2F 1-2: Ball 2-2: Foul Ball, location: 2F 2-2: Fly out, F9 (Line Drive, 9, EV 89.4 MPH)
|
| Top of the 5th over - 0 runs, 0 hits, 0 errors, 0 left on base; Magic Valley 13 - Ogden 10 |
| BOTTOM OF THE 5TH |
|
Ogden Spikes batting - Pitching for Magic Valley Magicians : RHP Bernardo Howard
|
|
Batting: LHB Everett Graham
|
0-0: Ball 1-0: Ball 2-0: Ground out 4-3 (Groundball, 4, EV 105.0 MPH)
|
|
Batting: RHB Chuck Lynn
|
0-0: Foul Ball, location: 2F 0-1: Ball 1-1: Ball 2-1: Swinging Strike 2-2: Ball 3-2: Base on Balls
|
|
Batting: LHB Marvin Parker
|
0-0: Ball 1-0: Called Strike Chuck Lynn is caught stealing 2nd base 2-6 1-1: Ball 2-1: Called Strike 2-2: Fly out, F6 (Popup, 6D, EV 59.4 MPH)
|
| Bottom of the 5th over - 0 runs, 0 hits, 0 errors, 0 left on base; Magic Valley 13 - Ogden 10 |
| TOP OF THE 6TH |
|
Magic Valley Magicians batting - Pitching for Ogden Spikes : RHP Mike Robinson
|
|
Batting: RHB Scott Skripko
|
0-0: Called Strike 0-1: Ball 1-1: Foul Ball, location: 2F 1-2: Ball 2-2: DOUBLE (Line Drive, 78XD, EV 99.4 MPH)
|
|
Batting: RHB Bill Boddy
|
0-0: Ball Wild Pitch! Scott Skripko to third 1-0: Ball 2-0: Ball 3-0: Base on Balls
|
|
Batting: RHB Andres Amoros
|
0-0: Foul Ball, location: 2F 0-1: Foul Ball, location: 2F 0-2: Ball 1-2: Ball 2-2: Ball 3-2: Fly out, F9 (Line Drive, 9, EV 100.6 MPH)
|
|
Batting: RHB Kevin Ward
|
0-0: Ball 1-0: Swinging Strike 1-1: Ball 2-1: Fly out, F9 (Flyball, 9LM, EV 76.3 MPH) Runner from 3rd tags up, SCORES, throw by RF
|
|
Batting: RHB Matt Cimo
|
0-0: Ball 1-0: Called Strike 1-1: Ball 2-1: Swinging Strike 2-2: Ball 3-2: Base on Balls Bill Boddy to second
|
|
Batting: RHB Terry Steinbach
|
0-0: Called Strike 0-1: Called Strike 0-2: Ball 1-2: Ball 2-2: Ball 3-2: Base on Balls Bill Boddy to third Matt Cimo to second
|
|
Batting: RHB Jason Felice
|
0-0: Foul Ball, location: 2F 0-1: Ball 1-1: Ball 2-1: Foul Ball, location: 2F 2-2: Foul Ball, location: 2F 2-2: Strikes out swinging
|
| Top of the 6th over - 1 run, 1 hit, 0 errors, 3 left on base; Magic Valley 14 - Ogden 10 |
| BOTTOM OF THE 6TH |
|
Ogden Spikes batting - Pitching for Magic Valley Magicians : RHP Bernardo Howard
|
|
Batting: RHB Jeffrey Smith
|
0-0: Called Strike 0-1: Ball 1-1: Swinging Strike 1-2: Ball 2-2: Ball 3-2: Foul Ball, location: 2F 3-2: Base on Balls
|
|
Batting: SHB Mark Lemke
|
0-0: Called Strike 0-1: SINGLE (Flyball, 7LS, EV 88.1 MPH) Jeffrey Smith to second
|
|
Batting: RHB Michael Gobbo
|
0-0: Called Strike 0-1: Foul Ball, location: 2F 0-2: Ball 1-2: Ball 2-2: TRIPLE (Flyball, 8RXD, EV 105.0 MPH) Jeffrey Smith scores Mark Lemke scores
|
|
Batting: RHB Joey Mackay
|
0-0: Called Strike 0-1: Foul Ball, location: 2F 0-2: Foul Ball, location: 2F 0-2: Ball 1-2: Fly out, F3 (Popup, 3S, EV 76.3 MPH)
|
|
Batting: RHB Ken Jackson
|
0-0: Fly out, F9 (Flyball, 9, EV 77.5 MPH)
|
|
Batting: LHB Lenny Harris
|
0-0: Ball 1-0: Called Strike 1-1: Foul Ball, location: 2F 1-2: Ball 2-2: DOUBLE (Line Drive, 9LM, EV 104.4 MPH) Michael Gobbo scores
|
|
Batting: LHB Everett Graham
|
0-0: Called Strike 0-1: Ball 1-1: Foul Ball, location: 2F 1-2: Ball 2-2: Strikes out looking
|
| Bottom of the 6th over - 3 runs, 3 hits, 0 errors, 1 left on base; Magic Valley 14 - Ogden 13 |
| TOP OF THE 7TH |
|
Magic Valley Magicians batting - Pitching for Ogden Spikes : RHP Mike Robinson
|
|
Pitching: RHP Wilfredo Tejada
|
|
|
Batting: RHB Michael Smith
|
0-0: Ball 1-0: Ball 2-0: Ground out 1-3 (Groundball, 34S, EV 70.6 MPH)
|
|
Batting: RHB Fred Bogart
|
0-0: Ball 1-0: Ball 2-0: Called Strike 2-1: Ball 3-1: Base on Balls
|
|
Batting: RHB Scott Skripko
|
0-0: Called Strike 0-1: Ball 1-1: Foul Ball, location: 2F 1-2: SINGLE (Groundball, 56, EV 98.8 MPH) (infield hit) Fred Bogart to second
|
|
Batting: RHB Bill Boddy
|
0-0: Ball 1-0: Ground out 5-3 (Groundball, 56S, EV 68.1 MPH) Fred Bogart to third Scott Skripko to second
|
|
Batting: RHB Andres Amoros
|
0-0: Ball 1-0: Foul Ball, location: 2F 1-1: Foul Ball, location: 2F 1-2: Foul Ball, location: 2F 1-2: Ball 2-2: Ball 3-2: Foul Ball, location: 2F 3-2: Foul Ball, location: 2F 3-2: Foul Ball, location: 2F 3-2: Ground out 5-3 (Groundball, 56, EV 83.1 MPH)
|
| Top of the 7th over - 0 runs, 1 hit, 0 errors, 2 left on base; Magic Valley 14 - Ogden 13 |
| BOTTOM OF THE 7TH |
|
Ogden Spikes batting - Pitching for Magic Valley Magicians : RHP Bernardo Howard
|
|
Batting: RHB Chuck Lynn
|
0-0: Swinging Strike 0-1: Ball 1-1: Ground out 6-3 (Groundball, 6M, EV 100.0 MPH)
|
|
Batting: LHB Marvin Parker
|
0-0: Called Strike 0-1: Ball 1-1: Ball 2-1: Ball 3-1: Foul Ball, location: 2F 3-2: Base on Balls
|
|
Batting: RHB Jeffrey Smith
|
0-0: Fielders Choice at 2nd, 4-6 (Groundball, 4, EV 86.3 MPH)
|
|
Batting: SHB Mark Lemke
|
0-0: Foul Ball, location: 2F 0-1: Ball 1-1: SINGLE (Groundball, 4M, EV 105.6 MPH) Jeffrey Smith to second Runner from 2nd tries for 3rd, SAFE, no throw by CF
|
|
Pitching: RHP Ron Batter
|
|
|
Batting: RHB Michael Gobbo
|
0-0: Called Strike 0-1: Called Strike 0-2: Ball 1-2: Foul Ball, location: 2F 1-2: Ground out 5-3 (Groundball, 56S, EV 90.0 MPH)
|
| Bottom of the 7th over - 0 runs, 1 hit, 0 errors, 2 left on base; Magic Valley 14 - Ogden 13 |
| TOP OF THE 8TH |
|
Magic Valley Magicians batting - Pitching for Ogden Spikes : RHP Wilfredo Tejada
|
|
Batting: RHB Kevin Ward
|
0-0: Ball 1-0: Foul Ball, location: 2F 1-1: Ball 2-1: Ball 3-1: Base on Balls
|
|
Batting: RHB Matt Cimo
|
0-0: Ball 1-0: Bunted foul 1-1: Bunted foul 1-2: Ball 2-2: Ball 3-2: Base on Balls Kevin Ward to second
|
|
Batting: RHB Terry Steinbach
|
0-0: Foul Ball, location: 2F 0-1: Called Strike 0-2: Ball 1-2: Foul Ball, location: 2F 1-2: Foul Ball, location: 2F 1-2: 3-RUN HOME RUN (Flyball, 7D, EV 106.3 MPH), Distance : 381 ft
|
|
Batting: RHB Jason Felice
|
0-0: Called Strike 0-1: Ball 1-1: Foul Ball, location: 2F 1-2: Ball 2-2: Foul Ball, location: 2F 2-2: SINGLE (Line Drive, 3D, EV 105.0 MPH)
|
|
Batting: RHB Michael Smith
|
0-0: Ball 1-0: Called Strike 1-1: Foul Ball, location: 2F 1-2: SINGLE (Groundball, 56D, EV 99.4 MPH) Jason Felice to second
|
|
Batting: RHB Fred Bogart
|
0-0: Ball 1-0: Foul Ball, location: 2F 1-1: Swinging Strike 1-2: Ball 2-2: Fly out, F9 (Line Drive, 9, EV 93.8 MPH)
|
|
Batting: RHB Scott Skripko
|
0-0: Called Strike 0-1: Ball 1-1: Fielders Choice at 2nd, 4-6 (Groundball, 4M, EV 90.0 MPH) Jason Felice to third
|
|
Batting: RHB Bill Boddy
|
0-0: Ball 1-0: Called Strike 1-1: Ball 2-1: Called Strike 2-2: Ground out 3-1 (Groundball, 34S, EV 85.6 MPH)
|
| Top of the 8th over - 3 runs, 3 hits, 0 errors, 2 left on base; Magic Valley 17 - Ogden 13 |
| BOTTOM OF THE 8TH |
|
Ogden Spikes batting - Pitching for Magic Valley Magicians : RHP Ron Batter
|
|
Batting: RHB Joey Mackay
|
0-0: Fly out, F8 (Flyball, 8LS, EV 95.6 MPH)
|
|
Batting: RHB Ken Jackson
|
0-0: Called Strike 0-1: Ball 1-1: Fly out, F7 (Flyball, 7, EV 89.4 MPH)
|
|
Batting: LHB Lenny Harris
|
0-0: Ball 1-0: Fly out, F1 (Line Drive, P, EV 65.6 MPH)
|
| Bottom of the 8th over - 0 runs, 0 hits, 0 errors, 0 left on base; Magic Valley 17 - Ogden 13 |
| TOP OF THE 9TH |
|
Magic Valley Magicians batting - Pitching for Ogden Spikes : RHP Wilfredo Tejada
|
|
Pitching: RHP Paul Wright
|
|
|
Batting: RHB Andres Amoros
|
0-0: Ball 1-0: Ball 2-0: Ball 3-0: Base on Balls
|
|
Batting: RHB Kevin Ward
|
0-0: Called Strike 0-1: DOUBLE (Line Drive, 9LM, EV 100.0 MPH) Andres Amoros to third Runner from 3rd tries for Home, throw by RF and OUT! 9-4-2 Kevin Ward to third
|
|
Batting: RHB Matt Cimo
|
0-0: Foul Ball, location: 2F 0-1: Ball 1-1: Ball 2-1: Ball 3-1: Fly out, F9 (Flyball, 89D, EV 88.1 MPH) Runner from 3rd tags up, SCORES, no throw by RF
|
|
Batting: RHB Terry Steinbach
|
0-0: Swinging Strike 0-1: Ball 1-1: Swinging Strike 1-2: Fly out, F3 (Popup, 23F, EV 77.5 MPH)
|
| Top of the 9th over - 1 run, 1 hit, 0 errors, 0 left on base; Magic Valley 18 - Ogden 13 |
| BOTTOM OF THE 9TH |
|
Ogden Spikes batting - Pitching for Magic Valley Magicians : RHP Ron Batter
|
|
Batting: LHB Everett Graham
|
0-0: Foul Ball, location: 2F 0-1: Fly out, F5 (Popup, 5, EV 73.8 MPH)
|
|
Batting: RHB Chuck Lynn
|
0-0: Ball 1-0: Fly out, F7 (Flyball, 7LS, EV 91.9 MPH)
|
|
Batting: LHB Marvin Parker
|
0-0: Ball 1-0: Called Strike 1-1: Ball 2-1: Ground out 5-3 (Groundball, 56, EV 91.3 MPH)
|
| Bottom of the 9th over - 0 runs, 0 hits, 0 errors, 0 left on base; Magic Valley 18 - Ogden 13 |
|